 Dungeon Crawl Stone Soup version 0.29-a0-838-g385bb11a5b (webtiles) character file.

Game seed: 12677413850928076869

449109 buhh the Slayer (level 26, -16/270 HPs)
             Began as a Meteoran Transmuter on July 14, 2022.
             Was a High Priest of Cheibriados.
             Demolished by an Orb Guardian (22 damage)
             ... on level 5 of the Realm of Zot.
             The game lasted 01:52:41 (15010 turns).

buhh the Slayer (Meteoran Transmuter)              Turns: 15010, Time: 01:52:42

Health: -16/270    AC: 39    Str: 24    XL:     26   Next: 37%
Magic:  32/42      EV: 19    Int: 36    God:    Cheibriados [*****.]
Gold:   2334       SH: 18    Dex: 31    Spells: 27/53 levels left

rFire   + . .      SeeInvis +     - Unarmed
rCold   + . .      Faith    .   h - +1 kite shield
rNeg    + . .      Spirit   .   (body armour currently unavailable)
rPois   ∞          Reflect  .   x - +2 hat {Will+}
rElec   +          Harm     .   H - +2 cloak
rCorr   .          Rampage  .   (gloves currently unavailable)
Will    ++++.      Rage     3%  (boots currently unavailable)
Stlth   +.........              I - amulet of regeneration
HPRegen 1.35/turn               X - ring of protection from cold
MPRegen 0.28/turn               s - ring of the Octopus King {rF+ HP+2 AC+2 EV+2 SH+2}

@: statue-form, glowing, studying 2 skills, very slow
A: slow and powerful, torment resistance 1, boosted hp, sense surroundings 3,
otherworldly, glowing, explore regen, see invisible, berserk 1, clumsy 1,
deterioration 2, frail 2, weak 2, subdued magic 1
}: 3/15 runes: serpentine, barnacled, silver
a: End Transformation, Renounce Religion, Bend Time, Temporal Distortion,
Slouch, Step From Time


You were on level 5 of the Realm of Zot.
You worshipped Cheibriados.
Cheibriados was extremely pleased with you.
You were a living statue of rough stone.
You visited 9 branches of the dungeon, and saw 46 of its levels.
You also visited: Ossuary, Bailey and Ice Cave.

You collected 3475 gold pieces.
You spent 1141 gold pieces at shops.

Inventory:

Armour
 b - the +0 faerie dragon scales {rPois Will+ rCorr}
   (You took it off the Enchantress on level 1 of the Depths)

   rPois:     It protects you from poison.
   rCorr:     It protects you from acid and corrosion.
   Will:      It increases your willpower.
 h - a +1 kite shield (worn)
 i - the +4 skin of Zhor (melded) {*Englaciate rC+++ SInv}
   (You acquired it on level 2 of the Depths)

   It radiates cold, occasionally slowing all nearby creatures who are not
   resistant to cold.
   rC:        It renders you almost immune to cold.
   SInv:      It lets you see invisible.
 x - a +2 hat of willpower (worn)
 C - a +2 pair of gloves (melded)
 D - a +0 pair of boots (melded)
 H - a +2 cloak (worn)
Magical Staves
 Q - a staff of air
 S - a staff of air
 U - a staff of cold
 Y - a staff of earth
Jewellery
 s - a ring of the Octopus King (right fist) {rF+ HP+2 AC+2 EV+2 SH+2}
   (You found it on level 5 of the Vaults)

   [ring of protection from fire]

   AC:        It affects your AC (+2).
   EV:        It affects your evasion (+2).
   rF:        It protects you from fire.
   HP:        It affects your health (+2).
   SH:        It affects your SH (+2).
 I - an amulet of regeneration (around neck)
 J - a +6 ring of intelligence
 L - a ring of positive energy
 M - a ring of positive energy
 O - a ring of ice
 P - the ring "Ecsilypt" {Fire rElec Will++ MP+9 Int-4}
   (You acquired it on level 9 of the Dungeon)

   [ring of fire]

   It enhances your fire magic.
   Int:       It affects your intelligence (-4).
   rF:        It protects you from fire.
   rC:        It makes you vulnerable to cold.
   rElec:     It insulates you from electricity.
   MP:        It affects your magic capacity (+9).
   Will:      It greatly increases your willpower.
 X - a ring of protection from cold (left fist)
Wands
 A - a wand of digging (1)
 E - a wand of flame (64)
 F - a wand of charming (18)
 G - a wand of light (14)
 K - a wand of mindburst (17)
 V - a wand of roots (35)
 W - a wand of polymorph (1)
Scrolls
 a - 4 scrolls of identify {!d}
 c - 6 scrolls of teleportation {!d!d}
 d - a scroll of magic mapping {!d}
 e - 2 scrolls of poison
 f - 6 scrolls of fog
 g - 4 scrolls of amnesia
 j - 3 scrolls of vulnerability
 R - 2 scrolls of brand weapon
Potions
 m - a potion of might
 n - a potion of lignification {!d}
 o - 5 potions of mutation {!q!d}
 p - 3 potions of invisibility {!d}
 q - a potion of magic {!d}
 r - 2 potions of cancellation {!q!d}
 t - 2 potions of brilliance {!d}
 v - 5 potions of curing {!d}
 y - 6 potions of haste {!q}
 z - 3 potions of berserk rage {!q}
 N - 9 potions of degeneration
 T - 7 potions of attraction
 Z - 2 potions of flight
Miscellaneous
 k - a box of beasts
 l - a condenser vane
 B - a tin of tremorstones (2/2)


   Skills:
 - Level 25.0 Fighting
 - Level 6.0 Dodging
 - Level 11.0 Shields
 - Level 21.4 Unarmed Combat
 * Level 14.1 Spellcasting
 - Level 12.1 Translocations
 + Level 15.8 Transmutations
 - Level 6.0 Ice Magic
 * Level 16.5 Earth Magic
 - Level 1.0 Poison Magic
 * Level 12.8 Invocations
 - Level 9.2 Evocations


You had 27 spell levels left.
You knew the following spells:

 Your Spells              Type           Power      Damage    Failure   Level
a - Lesser Beckoning      Tloc           72%        N/A       1%          3
b - Wereblood             Tmut           82%        N/A       0%          2
c - Blink                 Tloc           100%       N/A       0%          2
d - Passwall              Tmut/Erth      69%        N/A       0%          2
e - Apportation           Tloc           100%       N/A       0%          1
f - Statue Form           Tmut/Erth      55%        N/A       1%          6
g - Irradiate             Conj/Tmut      29%        3d21      2%          5
r - Manifold Assault      Tloc           72%        N/A       1%          5

Your spell library contained the following spells:

 Spells                   Type           Power      Damage    Failure   Level
 Beastly Appendage        Tmut           100%       N/A       0%          1
 Sandblast                Erth           100%       2d20      0%          1
 Freeze                   Ice            100%       1d11      1%          1
 Ensorcelled Hibernation  Hex/Ice        72%        N/A       1%          2
 Gell's Gravitas          Tloc           72%        N/A       1%          3
 Ozocubu's Armour         Ice            51%        N/A       1%          3
 Spider Form              Tmut/Pois      60%        N/A       1%          3
 Stone Arrow              Conj/Erth      100%       3d13      1%          3
 Teleport Other           Tloc           72%        N/A       1%          3
 Ice Form                 Ice/Tmut       68%        N/A       1%          4
 Iskenderun's Mystic Bla  Conj/Tloc      52%        2d11      1%          4
 Petrify                  Tmut/Erth      83%        N/A       1%          4
 Lee's Rapid Deconstruct  Erth           42%        3d21*     1%          5
 Necrotise                Necr           76%        1d7       2%          1
 Slow                     Hex            76%        N/A       2%          1
 Summon Small Mammal      Summ           76%        N/A       2%          1
 Dispersal                Tloc           36%        N/A       2%          6
 Static Discharge         Conj/Air       19%        3-6/arc   3%          2
 Sublimation of Blood     Necr           19%        N/A       3%          2
 Confusing Touch          Hex            19%        N/A       8%          3
 Dazzling Flash           Conj/Hex       38%        N/A       8%          3
 Summon Guardian Golem    Hex/Summ       19%        N/A       8%          3
 Vampiric Draining        Necr           19%        2d7       8%          3
 Hailstorm                Conj/Ice       36%        3d9       8%          4
 Iron Shot                Conj/Erth      30%        9d6       14%         6
 Metabolic Englaciation   Hex/Ice        18%        N/A       22%         5
 Dispel Undead            Necr           19%        3d11      28%         4
 Fulminant Prism          Conj/Hex       9%         3d7       28%         4
 Sticky Flame             Conj/Fire      19%        2d4       28%         4
 Freezing Cloud           Conj/Ice/Air   15%        6-21      32%         5
 Agony                    Necr           19%        N/A       61%         5
 Fireball                 Conj/Fire      9%         3d6       61%         5
 Iskenderun's Battlesphe  Conj           19%        2d7       61%         5
 Silence                  Hex/Air        9%         N/A       61%         5
 Disjunction              Tloc           36%        N/A       78%         8
 Ozocubu's Refrigeration  Ice            25%        4d10      91%         7
 Starburst                Conj/Fire      9%         6d5       99%         6
 Orb of Destruction       Conj           9%         9d6       100%        7
 Spellforged Servitor     Conj/Summ      9%         N/A       100%        7
 Borgnjor's Revivificati  Necr           9%         N/A       100%        8
 Ignition                 Fire           9%         3d5       100%        8
 Polar Vortex             Ice            25%        N/A       100%        9


Dungeon Overview and Level Annotations

Branches:
Dungeon (15/15) Zot: 3824  Temple (1/1) D:6 Zot: 762    Lair (6/6) D:9 Zot: 428
 Shoals (4/4) Lair:2 Zot: 1251   Snake (4/4) Lair:3 Zot: 1120   Slime (0/5) Lair:6
    Orc (2/2) D:10 Zot: 427     Elf (0/3) Orc:2        Vaults (5/5) D:14 Zot: 919
 Depths (4/4) D:15 Zot: 2183     Zot (5/5) Depths:4 Zot: 2530 Ossuary (visited)
 Bailey (visited)           IceCv (visited)
  Crypt: Vaults:2-3

Altars:
Ashenzari
Cheibriados
Dithmenos
Elyvilon
Fedhas
Gozag
Hepliaklqana
Kikubaaqudgha
Makhleb
Nemelex Xobeh
Okawaru
Qazlal
Ru
Sif Muna
Trog
Uskayaw
Vehumet
Wu Jian
Xom
Yredelemnul
The Shining One
Jiyva

Shops:
Orc:2 :(*(=   Snake:1 =   Snake:3 :   Vaults:5 [[

Annotations:
Temple 2 transporters
Depths:3 1 transporter


Innate Abilities, Weirdness & Mutations

You are a living statue of rough stone.
Your actions are slow, but your melee attacks are powerful.
You are resistant to unholy torment.
Your maximum health is greatly increased.
You are immune to poison.
Your equipment is partially melded.
You passively map a large area around you.
You are easily found by Zot.
You glow in the dark.
You regain HP and MP as you explore.
You have supernaturally acute eyesight. (SInv)
You sometimes lose your temper in combat.
You are clumsy. (Dex -2)
Your body often deteriorates upon taking damage.
You are very frail. (-20% HP)
You are very weak. (Str -4)
Your spells are a little easier to cast, but a little less powerful.


Message History

You block the Orb Guardian's attack. The Orb Guardian hits you.
* * * LOW HITPOINT WARNING * * *
The golden dragon bites you but does no damage.
The golden dragon claws you but does no damage.
You block the golden dragon's attack.
The black draconian completely misses you.
The green draconian monk hits you but does no damage.
The green draconian monk barely misses you.
The green draconian monk tail-slaps you!
* * * LOW HITPOINT WARNING * * *
The green draconian monk tail-slaps you.
* * * LOW HITPOINT WARNING * * *
The yellow draconian closely misses you.
The white draconian hits you but does no damage.
The purple draconian misses you.
The Orb Guardian hits you but does no damage.
The Orb Guardian closely misses you.
You block the green draconian monk's attack.
The green draconian monk closely misses you.
You block the green draconian monk's attack. x2
The black draconian closely misses you. The golden dragon breathes cold at you.
The bolt of cold hits you!! You resist.
* * * LOW HITPOINT WARNING * * *
The white draconian barely misses you. The purple draconian barely misses you.
You fail to use your ability.
The Killer Klown blinks!
The Orb Guardian hits you!
* * * LOW HITPOINT WARNING * * *
The Orb Guardian closely misses you. You block the golden dragon's attack.
The golden dragon barely misses you. x2
You block the white draconian's attack.
The black draconian hits you but does no damage.
The green draconian monk hits you.
* * * LOW HITPOINT WARNING * * *
The green draconian monk completely misses you. x2
You block the green draconian monk's attack.
The purple draconian hits you from afar with a +0 halberd.
* * * LOW HITPOINT WARNING * * *
The Orb Guardian hits you!!
You die...

*,*******,#<................
*,,,,,,,,,'.........[.......
*********,#.................
################▓▓▓▓###
##..............## #..
##..p.§........^^.## *#.
*#....)d............## #.
#......(X.d..........# ##
#.......^8D........q.# #
#......ddqX.......§§.# ##
#........d...........# #.
#....^.......^.......# ##.
#...................D###..
##.....^............###...
*#................##....#
##................)..###
▓▓.....##▓▓▓▓▓▓▓▓▓▓▓#


You could see a Killer Klown, a green draconian monk, a golden dragon, a black
draconian, 2 draconians, a purple draconian, a white draconian and 2 Orb
Guardians.

Vanquished Creatures
  A dread lich (Vaults:5)
  4 orbs of fire (Zot:5)
  An ancient lich (Vaults:4)
  Vv (Zot:3)
  2 Killer Klowns (Zot:3)
  A curse toe (Zot:5)
  7 golden dragons
  the Enchantress (Depths:1)
  Nikola (Shoals:4)
  A bone dragon (Depths:4)
  Jorgrun (Shoals:3)
  An electric golem (Zot:5)
  Rupert (Lair:6)
  12 tentacled monstrosities
  5 titans
  2 liches
  9 Orb Guardians (Zot:5)
  A walking divine tome (Depths:3)
  4 sphinxes
  6 quicksilver dragons
  6 death cobs
  2 tengu reavers
  9 storm dragons
  Kirke (Snake:4)
  10 shadow dragons
  2 nagarajas (Snake:4)
  An azure jelly (Snake:4)
  9 fire giants
  An emperor scorpion (shapeshifter) (Vaults:4)
  5 frost giants
  2 orc warlords
  2 deep elf sorcerers (Vaults:5)
  3 draconian scorchers
  9 vault wardens
  6 ironbound preservers
  2 draconian annihilators
  An iron dragon (Vaults:5)
  2 draconian stormcallers
  3 draconian shifters
  A ghost moth (Zot:5)
  3 spriggan defenders (Depths:1)
  13 very ugly things
  A war gargoyle (Vaults:5)
  10 stone giants
  Azrael (D:14)
  3 green draconians
  15 red draconians
  4 dire elephants (Vaults:4)
  3 purple draconians
  8 black draconians
  2 white draconians
  6 yellow draconians
  10 spark wasps
  5 merfolk impalers
  2 fire dragons
  2 deep elf death magi (Vaults:5)
  Snorg (D:10)
  A merfolk javelineer (Shoals:4)
  The ghost of zhov the Lord of Darkness, a journeyman DsNe of Kikubaaqudgha (D:12)
  10 ettins
  3 jiangshi (Depths:4)
  3 great orbs of eyes
  7 yaktaur captains
  8 hydras
  24 vault guards (Vaults:5)
  7 ice dragons
  2 rakshasas
  2 caustic shrike simulacra (IceCv)
  3 boulder beetles
  5 salamander tyrants (Snake:4)
  5 anacondas (Snake:4)
  A spriggan air mage (Depths:1)
  A satyr (shapeshifter) (Vaults:5)
  16 two-headed ogres
  4 ogre magi
  2 merfolk aquamancers (Shoals:4)
  7 naga warriors
  3 ironbound frosthearts
  2 alligator snapping turtles
  A catoblepas (Lair:6)
  4 centaur warriors
  3 merfolk avatars
  2 dancing weapons (D:14)
  3 deep troll shamans
  A satyr (Shoals:4)
  8 death yaks
  A vampire mage (Depths:4)
  A tengu warrior (D:12)
  6 naga sharpshooters
  4 deep troll earth magi
  8 shock serpents
  Amaemon (Lair:3)
  8 hell knights
  3 spriggan berserkers
  4 iron trolls
  A salamander mystic (Snake:3)
  7 sea snakes
  25 deep trolls
  A glowing orange brain (Depths:4)
  2 phantasmal warriors
  3 naga ritualists
  A flayed ghost (Vaults:5)
  10 harpies (Shoals:3)
  4 ironbound convokers
  4 wizards
  4 lindwurms
  2 deep elf pyromancers
  4 necromancers
  5 orc knights
  An orc sorcerer (Orc:1)
  8 fauns
  A shining eye (shapeshifter) (Vaults:5)
  20 ugly things
  13 manticores
  14 salamanders
  8 mana vipers
  16 moths of wrath
  A manticore (shapeshifter) (Vaults:5)
  7 cyclopes
  17 elephants
  25 black mambas
  4 guardian serpents
  9 vault sentinels
  6 merfolk sirens
  A torpor snail (shapeshifter) (Vaults:5)
  3 gargoyles
  4 water nymphs
  An orange demon (Lair:3)
  A smoke demon (Depths:3)
  Maggie (D:6)
  6 naga magi
  16 cane toads
  2 unseen horrors (D:12)
  2 rime drakes
  7 komodo dragons
  8 freezing wraiths
  2 kobold demonologists
  13 yaktaurs
  An anaconda simulacrum (IceCv)
  3 hornets
  A queen bee (Lair:2)
  13 trolls
  5 polar bears
  4 wind drakes
  16 merfolk
  A queen bee (shapeshifter) (Vaults:5)
  11 dream sheep
  4 blink frogs
  26 slime creatures
  4 spriggans (Depths:1)
  5 snapping turtles
  A shadow (D:11)
  A vampire (D:7)
  5 wraiths
  7 wyverns
  A dire elephant simulacrum (IceCv)
  Eustachio (D:6)
  6 water elementals
  35 yaks
  2 fire elementals (D:14)
  2 hogs
  A steam dragon (D:10)
  4 basilisks
  11 vampire mosquitoes
  2 harpy simulacra (IceCv)
  22 nagas
  6 wargs
  Menkaure (D:5)
  3 acid dragons
  20 water moccasins
  A floating eye (Depths:2)
  6 hell hounds (D:14)
  Duvessa (D:6)
  2 black bears
  22 orc warriors
  4 sky beasts
  An alligator simulacrum (IceCv)
  5 ettin simulacra (IceCv)
  30 ogres
  7 centaurs
  11 wolves
  4 phantoms
  2 kobold brigands
  2 scorpions (D:5)
  11 bullfrogs
  7 necrophages
  5 gnoll sergeants
  5 wights (D:8)
  45 killer bees
  A lindwurm simulacrum (IceCv)
  An electric eel (Lair:3)
  6 howler monkeys
  6 hounds
  4 jellies
  A human zombie (Ossuary)
  20 orc priests
  Ijyb (D:5)
  4 hell rats (Lair:6)
  4 iguanas
  14 orc wizards
  2 mummies (Ossuary)
  10 gnolls
  A river rat (Lair:2)
  7 adders
  A shadow imp (D:5)
  An ufetubus (D:6)
  3 worms
  A dart slug (D:4)
  87 orcs
  26 bats
  7 endoplasms
  5 giant cockroaches
  4 gnoll zombies (Ossuary)
  16 goblins
  13 hobgoblins
  9 jackals
  14 kobolds
  3 quokkas
  4 ball pythons
  2 frilled lizards (D:3)
  2 goblin zombies (Ossuary)
  4 hobgoblin zombies (Ossuary)
  3 orc zombies (Ossuary)
  7 rats
  A spectral orc (D:5)
1384 creatures vanquished.

Vanquished Creatures (collateral kills)
  A black mamba (Lair:6)
  An acid dragon (D:9)
  2 orc warriors (Bailey)
  A goblin (Bailey)
5 creatures vanquished.

Vanquished Creatures (others)
  A naga sharpshooter (Snake:4)
  A mana viper (Snake:4)
  2 ugly things (D:14)
  3 humans (Snake:4)
  A black bear (D:6)
  Dowan (D:6)
  19 fungi
  71 plants
99 creatures vanquished.

Grand Total: 1488 creatures vanquished

Notes
Turn   | Place    | Note
-------+----------+-------------------------------------------
     0 | D:1      | buhh the Meteoran Transmuter began the quest for the Orb.
     0 | D:1      | Reached XP level 1. HP: 16/16 MP: 5/5
    96 | D:1      | Reached XP level 2. HP: 13/23 MP: 4/6
   254 | D:2      | Reached XP level 3. HP: 27/29 MP: 6/8
   313 | D:2      | Got Sif Muna's Vademecum on Violent Blasphemous Rituals
   359 | D:3      | Reached skill level 2 in Fighting
   580 | D:3      | Reached XP level 4. HP: 20/36 MP: 7/9
   583 | D:3      | Learned a level 2 spell: Wereblood
   587 | D:3      | Learned a level 3 spell: Spider Form
   689 | D:3      | Reached XP level 5. HP: 41/42 MP: 7/10
  1002 | D:1      | Found a faded altar of an unknown god.
  1056 | D:1      | Reached skill level 3 in Fighting
  1331 | D:4      | Learned a level 1 spell: Apportation
  1393 | D:4      | Reached skill level 5 in Unarmed Combat
  1399 | D:4      | Reached XP level 6. HP: 31/51 MP: 6/11
  1627 | D:4      | Found a sparkling altar of Nemelex Xobeh.
  1646 | D:4      | Found a shadowy altar of Dithmenos.
  1661 | D:5      | Entered Level 5 of the Dungeon
  1661 | D:5      | Noticed Ijyb
  1668 | D:5      | Killed Ijyb
  1669 | D:5      | Reached skill level 4 in Fighting
  1669 | D:5      | Reached skill level 5 in Dodging
  1669 | D:5      | Reached XP level 7. HP: 50/59 MP: 6/12
  1723 | D:5      | Found a stormy altar of Qazlal.
  1833 | D:5      | Found a basalt altar of Yredelemnul.
  1910 | D:5      | Noticed Menkaure
  1942 | D:5      | Killed Menkaure
  1943 | D:5      | Reached skill level 5 in Fighting
  1943 | D:5      | Reached XP level 8. HP: 68/68 MP: 8/13
  2142 | D:6      | Noticed Duvessa
  2144 | D:6      | Noticed Dowan
  2146 | D:6      | Noticed Maggie
  2239 | D:6      | Reached skill level 1 in Poison Magic
  2249 | D:6      | Noticed a wraith
  2263 | D:6      | Reached skill level 6 in Fighting
  2278 | D:6      | Killed a wraith
  2279 | D:6      | Gained mutation: You passively map the area around you.
                  | [Meteoran growth]
  2279 | D:6      | Reached XP level 9. HP: 58/75 MP: 7/14
  2344 | D:6      | Killed Dowan
  2358 | D:6      | Killed Maggie
  2359 | D:6      | Reached skill level 5 in Transmutations
  2390 | D:6      | Found a staircase to the Ecumenical Temple.
  2406 | D:6      | Killed Duvessa
  2412 | Temple   | Entered the Ecumenical Temple
  2412 | Temple   | Found a transporter.
  2412 | Temple   | Found a transporter.
  2414 | Temple   | Found a transporter.
  2414 | Temple   | Found a transporter.
  2426 | Temple   | Became a worshipper of Cheibriados the Contemplative
  2660 | D:6      | Reached skill level 7 in Fighting
  2660 | D:6      | Reached skill level 1 in Ice Magic
  2673 | D:6      | Found a hide-covered altar of Uskayaw.
  2673 | D:6      | Noticed Eustachio
  2687 | D:6      | Killed Eustachio
  2997 | D:7      | Reached XP level 10. HP: 80/86 MP: 15/15
  3040 | D:7      | Found a flagged portal.
  3052 | Bailey   | Entered a bailey
  3072 | Bailey   | Reached * piety under Cheibriados
  3212 | Bailey   | Reached ** piety under Cheibriados
  3267 | Bailey   | Noticed an orc knight
  3267 | Bailey   | Noticed an orc warlord
  3270 | Bailey   | Killed an orc knight
  3271 | Bailey   | Reached skill level 8 in Fighting
  3271 | Bailey   | Reached skill level 5 in Ice Magic
  3272 | Bailey   | Killed an orc warlord
  3273 | Bailey   | Reached skill level 10 in Unarmed Combat
  3287 | Bailey   | Reached XP level 11. HP: 95/95 MP: 16/16
  3288 | Bailey   | Reached skill level 9 in Fighting
  3329 | Bailey   | Acquired a staff of cold
  3344 | Bailey   | Learned a level 4 spell: Ice Form
  3535 | D:8      | Reached *** piety under Cheibriados
  3545 | D:8      | Found a sand-covered staircase.
  3550 | Ossuary  | Entered an ossuary
  3754 | D:8      | Reached skill level 1 in Invocations
  3754 | D:8      | Reached skill level 1 in Evocations
  3835 | D:8      | Found a burning altar of Makhleb.
  3835 | D:8      | Noticed a green death
  3955 | D:8      | Reached **** piety under Cheibriados
  4030 | D:9      | Noticed a two-headed ogre
  4035 | D:9      | Killed a two-headed ogre
  4040 | D:9      | Reached skill level 10 in Fighting
  4067 | D:9      | Reached ***** piety under Cheibriados
  4073 | D:9      | Found a staircase to the Lair.
  4106 | D:10     | Entered Level 10 of the Dungeon
  4168 | D:9      | Noticed a moth of wrath
  4171 | D:9      | Found a bloodstained altar of Trog.
  4284 | D:9      | Noticed a two-headed ogre
  4290 | D:9      | Killed a two-headed ogre
  4291 | D:9      | Reached XP level 12. HP: 94/106 MP: 12/17
  4333 | Lair:1   | Entered Level 1 of the Lair of Beasts
  4352 | Lair:1   | Reached skill level 5 in Invocations
  4365 | Lair:1   | Reached skill level 1 in Translocations
  4376 | Lair:1   | Noticed a six-headed hydra
  4382 | Lair:1   | Killed a six-headed hydra
  4383 | Lair:1   | Reached skill level 5 in Evocations
  4583 | Lair:2   | Reached skill level 10 in Transmutations
  4665 | Lair:2   | Reached XP level 13. HP: 114/114 MP: 9/19
  4726 | Lair:2   | Reached skill level 5 in Translocations
  4980 | Lair:2   | Found a staircase to the Shoals.
  5076 | Lair:3   | Found a staircase to the Snake Pit.
  5167 | Lair:3   | Reached skill level 11 in Fighting
  5211 | Lair:3   | Reached ****** piety under Cheibriados
  5290 | Lair:3   | Noticed a death yak
  5290 | Lair:3   | Noticed a six-headed hydra
  5293 | Lair:3   | Killed a six-headed hydra
  5298 | Lair:3   | Killed a death yak
  5299 | Lair:3   | Reached skill level 10 in Invocations
  5389 | Lair:3   | Noticed Amaemon
  5395 | Lair:3   | Reached skill level 1 in Earth Magic
  5398 | Lair:3   | Noticed a death yak
  5404 | Lair:3   | Killed Amaemon
  5405 | Lair:3   | Noticed a death yak
  5406 | Lair:3   | Killed a death yak
  5407 | Lair:3   | Noticed a death yak
  5425 | Lair:3   | Killed a death yak
  5426 | Lair:3   | Reached skill level 5 in Earth Magic
  5426 | Lair:3   | Reached XP level 14. HP: 124/124 MP: 22/22
  5440 | Lair:3   | Learned a level 6 spell: Statue Form
  5478 | Lair:4   | Identified the +1 helmet of Oquklaco {rElec Str+2}
  5920 | Lair:6   | Entered Level 6 of the Lair of Beasts
  6074 | Lair:5   | Identified the +2 leather armour "Raotz" {Rampage Dex+4}
  6218 | Lair:6   | Reached skill level 10 in Earth Magic
  6285 | Lair:6   | Found a viscous altar of Jiyva.
  6285 | Lair:6   | Found a staircase to the Slime Pits.
  6362 | Lair:6   | Noticed Rupert
  6370 | Lair:6   | Killed Rupert
  6453 | Lair:6   | Reached XP level 15. HP: 129/129 MP: 17/23
  6842 | D:9      | Found an opulent altar of Gozag.
  6842 | D:9      | Found an ornate altar of the Wu Jian Council.
  6848 | D:9      | Acquired the ring "Ecsilypt" {Fire rElec Will++ MP+9 Int-4}
  6993 | D:10     | Reached skill level 15 in Earth Magic
  7115 | D:10     | Noticed Snorg
  7124 | D:10     | Killed Snorg
  7130 | D:10     | Found a broken altar of Ashenzari.
  7274 | D:11     | Learned a level 5 spell: Manifold Assault
  7484 | D:10     | Found a staircase to the Orcish Mines.
  7498 | D:10     | Reached skill level 5 in Spellcasting
  7515 | Orc:1    | Entered Level 1 of the Orcish Mines
  7723 | Orc:2    | Entered Level 2 of the Orcish Mines
  7757 | Orc:2    | Found a staircase to the Elven Halls.
  7842 | Orc:2    | Reached XP level 16. HP: 116/137 MP: 9/27
  7844 | Orc:2    | Found Ucrai's General Store.
  8018 | Orc:2    | Found Jyiseyf's Jewellery Boutique.
  8028 | Orc:2    | Bought a ring of protection from cold for 400 gold pieces
  8068 | Orc:2    | Found Taef's Antique Weapon Boutique.
  8070 | Orc:2    | Found Nungo's Weapon Shoppe.
  8070 | Orc:2    | Found Winits's Book Shop.
  8082 | Orc:2    | Bought a scroll of fog for 52 gold pieces
  8082 | Orc:2    | Bought a scroll of teleportation for 39 gold pieces
  8082 | Orc:2    | Bought a scroll of identify for 26 gold pieces
  8379 | Snake:1  | Entered Level 1 of the Snake Pit
  8379 | Snake:1  | Found Waso's Jewellery Boutique.
  8415 | Snake:1  | Reached skill level 1 in Shields
  8417 | Snake:1  | Identified the +0 robe "Ufauw" {rF+ rN+}
  8713 | Snake:4  | Entered Level 4 of the Snake Pit
  8719 | Snake:4  | Noticed Kirke
  8781 | Snake:4  | Killed Kirke
  8805 | Snake:4  | Found a frozen archway.
  8805 | Snake:4  | Noticed an azure jelly
  8813 | Snake:4  | Killed an azure jelly
  8822 | IceCv    | Entered an ice cave
  8826 | IceCv    | Reached XP level 17. HP: 146/146 MP: 19/30
  8955 | Snake:4  | Reached skill level 5 in Shields
  8974 | Snake:4  | Reached skill level 12 in Fighting
  8997 | Snake:4  | Learned a level 3 spell: Lesser Beckoning
  9000 | Snake:4  | Learned a level 2 spell: Blink
  9045 | Snake:4  | Reached skill level 15 in Transmutations
  9093 | Snake:4  | Reached skill level 10 in Translocations
  9117 | Snake:4  | Noticed a nagaraja
  9265 | Snake:4  | Killed a nagaraja
  9302 | Snake:3  | Found Miba's Book Shop.
  9306 | Snake:3  | Bought a book of Alchemy for 336 gold pieces
  9306 | Snake:3  | Bought Ozocubu's Autobiography for 288 gold pieces
  9379 | Snake:4  | Noticed a nagaraja
  9384 | Snake:4  | Killed a nagaraja
  9437 | Snake:4  | Noticed a quicksilver dragon
  9437 | Snake:4  | Noticed a quicksilver dragon
  9439 | Snake:4  | Got a serpentine rune of Zot
  9448 | Snake:4  | Killed a quicksilver dragon
  9634 | Snake:1  | Reached skill level 13 in Fighting
  9733 | Shoals:1 | Entered Level 1 of the Shoals
  9750 | Shoals:1 | Gained mutation: You passively map a large area around you.
                  | [Meteoran growth]
  9750 | Shoals:1 | Reached XP level 18. HP: 157/157 MP: 31/31
  9876 | Shoals:3 | Noticed Jorgrun
  9924 | Shoals:3 | Killed Jorgrun
 10078 | Shoals:4 | Entered Level 4 of the Shoals
 10274 | Shoals:4 | Noticed Nikola
 10293 | Shoals:4 | Reached skill level 15 in Unarmed Combat
 10488 | Shoals:4 | Reached skill level 14 in Fighting
 10510 | Shoals:4 | Killed Nikola
 10577 | Shoals:4 | Reached skill level 10 in Shields
 10585 | Shoals:4 | Got a barnacled rune of Zot
 10766 | D:9      | Reached XP level 19. HP: 167/167 MP: 33/33
 11089 | D:12     | Reached skill level 10 in Spellcasting
 11089 | D:12     | Reached XP level 20. HP: 177/177 MP: 35/35
 11090 | D:12     | Reached XP level 21. HP: 183/183 MP: 38/38
 11102 | D:12     | Found a runed translucent gate.
 11102 | D:12     | Noticed zhov's ghost (journeyman DsNe)
 11103 | D:12     | Found a runed translucent gate.
 11104 | D:12     | Found a runed translucent gate.
 11126 | D:12     | Killed zhov's ghost
 11328 | D:13     | Reached skill level 15 in Fighting
 11484 | D:15     | Entered Level 15 of the Dungeon
 11509 | D:14     | Found a gate to the Vaults.
 11517 | Vaults:1 | Entered Level 1 of the Vaults
 11606 | Vaults:2 | You fall into a shaft and drop 2 floors!
 11793 | Vaults:5 | Entered Level 5 of the Vaults
 11793 | Vaults:5 | Noticed a tentacled monstrosity
 11797 | Vaults:5 | Reached skill level 16 in Fighting
 11797 | Vaults:5 | Reached XP level 22. HP: 196/196 MP: 24/39
 11931 | Vaults:5 | Reached skill level 17 in Fighting
 12220 | Vaults:5 | Reached skill level 18 in Fighting
 12284 | Vaults:5 | Noticed an ancient lich
 12445 | Vaults:4 | Killed an ancient lich
 12548 | Vaults:5 | Reached XP level 23. HP: 211/211 MP: 13/40
 12639 | Vaults:5 | Found the ring of the Octopus King
 12649 | Vaults:5 | Identified a ring of the Octopus King {rF+ HP+2 AC+2 EV+2
                  | SH+2}
 12718 | Vaults:5 | Gained mutation: Your body sometimes deteriorates upon
                  | taking damage. [a shining eye]
 12718 | Vaults:5 | Gained mutation: You are frail. (-10% HP) [a shining eye]
 12726 | Vaults:5 | Reached skill level 19 in Fighting
 12878 | Vaults:5 | Got a silver rune of Zot
 12958 | Vaults:5 | Noticed a dread lich
 12965 | Vaults:5 | Killed a dread lich
 12976 | Vaults:5 | Found Fyza's Antique Armour Shop.
 13023 | Vaults:5 | Found Muohon's Antique Armour Shoppe.
 13244 | D:15     | Learned a level 5 spell: Irradiate
 13247 | D:15     | Learned a level 2 spell: Passwall
 13286 | D:14     | Noticed Azrael
 13295 | D:14     | Killed Azrael
 13301 | D:14     | Reached skill level 20 in Fighting
 13401 | D:15     | Found a staircase to the Depths.
 13427 | Depths:1 | Entered Level 1 of the Depths
 13451 | Depths:1 | Noticed the Enchantress
 13457 | Depths:1 | Killed the Enchantress
 13569 | Depths:1 | Reached XP level 24. HP: 203/203 MP: 27/40
 13601 | Depths:1 | Reached skill level 21 in Fighting
 13630 | Depths:2 | Acquired the +4 skin of Zhor {*Englaciate rC+++ SInv}
 13630 | Depths:2 | Found the +4 skin of Zhor {*Englaciate rC+++ SInv}
 13792 | Depths:2 | Noticed a caustic shrike
 13799 | Depths:3 | Reached skill level 22 in Fighting
 13873 | Depths:3 | Found a transporter.
 13926 | Depths:4 | Entered Level 4 of the Depths
 14013 | Depths:4 | Found a blossoming altar of Fedhas.
 14036 | Depths:4 | Reached skill level 23 in Fighting
 14075 | Depths:4 | Found a gate to the Realm of Zot.
 14075 | Depths:4 | Noticed a golden dragon
 14077 | Depths:4 | Killed a golden dragon
 14087 | Zot:1    | Entered Level 1 of the Realm of Zot
 14169 | Zot:1    | Reached XP level 25. HP: 220/220 MP: 15/40
 14174 | Zot:1    | Acquired 230 gold pieces
 14204 | Zot:1    | Identified the +0 robe of Repulsion {*Slow rN+++ MP+9
                  | Int-2}
 14232 | Zot:1    | Got the Spellbook of Snow
 14261 | Zot:1    | Reached skill level 24 in Fighting
 14299 | Zot:2    | Noticed a golden dragon
 14299 | Zot:2    | Noticed a golden dragon
 14300 | Zot:2    | Killed a golden dragon
 14304 | Zot:2    | Killed a golden dragon
 14420 | Zot:3    | Noticed Vv
 14430 | Zot:3    | Killed Vv
 14488 | Zot:2    | Noticed a golden dragon
 14489 | Zot:2    | Killed a golden dragon
 14524 | Zot:3    | Reached skill level 25 in Fighting
 14598 | Zot:3    | Noticed a Killer Klown
 14603 | Zot:3    | Killed a Killer Klown
 14612 | Zot:3    | Noticed a golden dragon
 14615 | Zot:3    | Killed a golden dragon
 14638 | Zot:3    | Noticed a golden dragon
 14651 | Zot:3    | Noticed a Killer Klown
 14656 | Zot:3    | Killed a Killer Klown
 14739 | Zot:5    | Entered Level 5 of the Realm of Zot
 14896 | Zot:5    | Noticed a golden dragon
 14898 | Zot:5    | Reached XP level 26. HP: 232/232 MP: 41/41
 14901 | Zot:5    | Noticed a curse toe
 14906 | Zot:5    | Killed a curse toe
 14919 | Zot:5    | Noticed an orb of fire
 14924 | Zot:5    | Killed an orb of fire
 14931 | Zot:5    | Noticed an orb of fire
 14940 | Zot:5    | Gained mutation: Your body often deteriorates upon taking
                  | damage. [an orb of fire]
 14943 | Zot:5    | Killed an orb of fire
 14948 | Zot:5    | Noticed an orb of fire
 14949 | Zot:5    | Gained mutation: You are weak. (Str -2) [an orb of fire]
 14954 | Zot:5    | Noticed an orb of fire
 14955 | Zot:5    | Killed an orb of fire
 14960 | Zot:5    | Noticed a Killer Klown
 14961 | Zot:5    | Gained mutation: You have supernaturally acute eyesight.
                  | (SInv) [an orb of fire]
 14964 | Zot:5    | Gained mutation: You are very weak. (Str -4) [an orb of
                  | fire]
 14965 | Zot:5    | Noticed an orb of fire
 14972 | Zot:5    | Gained mutation: You sometimes lose your temper in combat.
                  | [an orb of fire]
 14974 | Zot:5    | Gained mutation: Your spells are a little easier to cast,
                  | but a little less powerful. [an orb of fire]
 14974 | Zot:5    | Noticed a Killer Klown
 14983 | Zot:5    | Gained mutation: You are clumsy. (Dex -2) [an orb of fire]
 14984 | Zot:5    | Noticed a Killer Klown
 14999 | Zot:5    | Gained mutation: You are very frail. (-20% HP) [an orb of
                  | fire]
 15000 | Zot:5    | Killed an orb of fire
 15010 | Zot:5    | HP: 8/270 [green draconian monk (6)]
 15010 | Zot:5    | Demolished by an Orb Guardian

Illustrated notes

Levels and vault maps discovered:
D:1:      amcnicky_arrival_blooded_trapdoor, layout_rooms,
          hellmonk_ecumenical_altar_crossroads, hangedman_decor_opposing
D:2:      layout_basic, minivault_19, minmay_fractal_squares_gapless_5
D:3:      layout_loops_cross
D:4:      wad_crossroads, layout_rooms, nemelex_diamond_rough_becter,
          mainiacjoe_overflow_surrounded_room,
          nicolae_concentric_dashed_squares_mild, kennysheep_crisscross
D:5:      layout_rooms, nicolae_qazlal_general_emergency,
          yredelemnul_forgotten_temple_becter, minivault_5, uniq_menkaure,
          uniq_ijyb
D:6:      layout_basic, nicolae_overflow_crystal_walls,
          minmay_temple_entry_mist, uniq_maggie, uniq_duvessa, uniq_eustachio
D:7:      layout_loops_ring, enter_bailey_6, serial_shops,
          nicolae_shop_statue_plus, shop, minmay_quadrilaterals
D:8:      layout_loops_cross, makhleb_altar_promises_db, enter_ossuary_5,
          minmay_tree_intersection
D:9:      layout_rooms, tgw_trog, nicolae_overflow_hidden_temple,
          erik_lair_orcish_takeover
D:10:     layout_loops_corners, nicolae_ashenzari_skybound,
          kennysheep_orc_monster_closet_entryway, glass_columns_b, uniq_snorg
D:11:     layout_rooms
D:12:     hangedman_cross_cluster, layout_long_grid, gammafunk_ghost_hydra_chop,
          hangedman_decor_push
D:13:     layout_loops_ring, nicolae_wwwww
D:14:     layout_irregular_city, erik_vaults_1,
          nicolae_kikubaaqudgha_miasma_corner, st_stairs_8, corner_web_ring,
          uniq_azrael
D:15:     grunt_enter_depths_hoard, layout_gridville, hangedman_decor_slide_cut,
          hex_tiny, uniq_agnes
Temple:   hellmonk_temple_divided_pantheon
Lair:1:   minmay_lair_venomous_thicket, layout_small_grid
Lair:2:   regret_index_bee_streams, layout_regular_city,
          minmay_shoals_entry_beasts, roderic_carrion_pond
Lair:3:   nzn_winding_woodlands_large [nzn_winding_woodlands_hourglass,
          nzn_winding_woodlands_5x15_garden, nzn_winding_woodlands_5x5_cross,
          nzn_winding_woodlands_center_pierced_h,
          nzn_winding_woodlands_15x15_eel_pit,
          nzn_winding_woodlands_center_triple_pond,
          nzn_winding_woodlands_5x5_open_star,
          nzn_winding_woodlands_5x15_river_crossing,
          nzn_winding_woodlands_5x5_checkerboard], layout_long_grid,
          guppyfry_snake_entry_garden, infiniplex_staircase_pool,
          uniq_gastronok, uniq_sonja, uniq_amaemon
Lair:4:   dreamdust_labyrinth, layout_long_grid
Lair:5:   layout_cave_pods
Lair:6:   grunt_lair_end_beastmaster, layout_long_grid,
          nicolae_slime_entry_slimehenge, uniq_rupert
Shoals:1: layout_shoals, nicolae_shoals_lost_giant_baths
Shoals:2: layout_shoals, gammafunk_ghost_wrathful_warriors, uniq_polyphemus,
          uniq_donald
Shoals:3: layout_shoals, uniq_jorgrun
Shoals:4: shoals_end_simple, layout_shoals, nicolae_shoals_enchanted_isle,
          uniq_nikola
Snake:1:  layout_onion, serial_shops, nicolae_shop_waterfront,
          nicolae_snake_naga_rites, uniq_asterion
Snake:2:  layout_basic, gammafunk_ghost_split, nrook_guardian_serpent_ordinary
Snake:3:  layout_onion_interference, serial_shops, nicolae_shop_crystal
Snake:4:  hellmonk_snake_rune_quicksilver_temple, layout_rooms,
          portal_ice_cave_entry_frozen_things, uniq_kirke
Orc:1:    layout_caves, mines_bat_river
Orc:2:    st_orc_ogre_mass, layout_caves, serial_shops, nicolae_lakefront_shop,
          minmay_orc_temple_b
Vaults:1: v_misc_3, dpeg_vaults_monster_box, ontoclasm_vaults_misaligned,
          v_misc_16, vaults_dpeg_hooks, ontoclasm_vaults_twist,
          st_greater_box_4, nicolae_vaults_little_squares_4, v_misc_8, v_misc_3,
          nicolae_vaults_triangles, nicolae_vaults_sealed_display,
          layout_vaults_maze_snakey
Vaults:2: hangedman_vaults_impose, v_alt_pattern_4, grunt_vaults_hallway_short,
          nicolae_vaults_big_ls, nicolae_vaults_diagonal_hallway_7, v_rooms_6,
          st_diamondy, hangedman_vaults_pinch, vaults_room_grunt_arrival_ludios,
          vaults_room_pool, vaults_room_semicircle, vaults_room_fours,
          vaults_dpeg_diagonal, hangedman_vaults_slice, layout_vaults_omnicross
Vaults:3: hangedman_vaults_stretched_pinwheel, v_misc_29, v_rooms_4,
          minmay_crypt_entry_simple_statues, grunt_vaults_bifocal, st_squares,
          nicolae_vaults_network_s, ontoclasm_vaults_ring_small, v_misc_15,
          hangedman_vaults_maws, v_misc_18, layout_vaults_omnibox
Vaults:4: nicolae_vaults_three_branches, ontoclasm_vaults_hangar, v_misc_1,
          ontoclasm_vaults_gateway, vaults_room_grid,
          vaults_room_stairs_pillars, layout_vaults_omnigrid, serial_shops, shop
Vaults:5: serial_shops
Depths:1: layout_gridlike, hell_entry, grunt_pan_entry_in_and_out,
          nicolae_dithmenos_through_a_glass_darkly, kennysheep_two_boxes,
          grunt_megastairs_4, infiniplex_staircase_pool_lava, uniq_enchantress,
          uniq_aizul
Depths:2: hangedman_arrow_trap, layout_gridlike, serial_shops,
          nicolae_shop_bloodbath_and_beyond, rand_demon_pan_entry_4,
          abyss_entry, okawaru_trees_1, hangedman_coc_ice_floe,
          infiniplex_staircase_spiral, grunt_megastairs_5
Depths:3: gammafunk_its_a_trap, layout_basic, enter_ziggurat_e,
          abyss_entry_flame_altar, pf_vacation_house_of_asmodeus,
          grunt_pan_entry_sceptre, infiniplex_staircase_pillars_3b
Depths:4: grunt_twist_and_shout, layout_gridlike,
          nicolae_hell_entry_big_baal_hell, xom_redecorated,
          rand_demon_pan_entry_8, dk_noncrumbling_4, fedhas_altar_3, uniq_grunn
Zot:1:    layout_cellular_growth
Zot:2:    layout_cathedral_of_symmetry
Zot:3:    kennysheep_ambush_hall, layout_onion, uniq_vv
Zot:4:    kennysheep_room_grid, layout_basic, grunt_megastairs_1, uniq_josephina
Zot:5:    layout_gridlike

Skill      XL: |  1  2  3  4  5  6  7  8  9 10 11 12 13 14 15 16 17 18 19 20 21 22 23 24 25 26 |
---------------+-------------------------------------------------------------------------------+-----
Dodging        | 3 4 5 6 |  6.0
Unarmed Combat | 4 5 6 7 8 10 11 12 14 15 16 17 20 21 | 21.4
Fighting       | 2 3 4 5 6 7 8 10 11 13 14 16 18 20 23 25 | 25.0
Transmutations | 4 7 8 9 10 12 13 14 15 | 15.8
Poison Magic   | 1 |  1.0
Ice Magic      | 2 6 |  6.0
Invocations    | 4 7 10 11 12 | 12.8
Evocations     | 4 6 9 |  9.2
Translocations | 4 5 7 9 11 12 | 12.1
Earth Magic    | 5 13 15 16 | 16.5
Spellcasting   | 6 8 9 10 12 13 14 | 14.1
Shields        | 4 7 10 11 | 11.0

Action                   |  1- 3 |  4- 6 |  7- 9 | 10-12 | 13-15 | 16-18 | 19-21 | 22-24 | 25-27 || total
-------------------------+-------+-------+-------+-------+-------+-------+-------+-------+-------++-------
Melee: Unarmed           |    69 |   145 |   193 |   298 |   456 |   778 |   271 |   742 |   352 ||  3304
       Kick              |    17 |     1 |       |       |       |       |       |       |       ||    18
       Headbutt          |    11 |       |       |       |       |       |       |       |       ||    11
       Punch             |       |     5 |     4 |       |    31 |    42 |    32 |    40 |       ||   154
       Staff             |       |       |       |     5 |     3 |       |       |       |       ||     8
 Cast: Beastly Appendage |    15 |     1 |       |       |       |       |       |       |       ||    16
       Spider Form       |       |    26 |    23 |     7 |       |       |       |       |       ||    56
       Wereblood         |       |     1 |     3 |     9 |     8 |     2 |       |     1 |     1 ||    25
       Apportation       |       |       |     1 |     7 |    52 |    19 |    20 |     7 |     5 ||   111
       Ice Form          |       |       |       |    28 |    20 |     1 |       |       |       ||    49
       Statue Form       |       |       |       |       |    48 |    69 |    27 |    61 |    26 ||   231
       Manifold Assault  |       |       |       |       |     9 |   174 |    39 |   167 |   113 ||   502
       Lesser Beckoning  |       |       |       |       |       |     6 |       |     3 |       ||     9
       Irradiate         |       |       |       |       |       |       |       |     3 |       ||     3
Invok: Slouch            |       |       |       |     3 |    13 |     4 |     4 |    13 |       ||    37
       Step From Time    |       |       |       |       |     1 |     7 |       |     2 |     5 ||    15
 Abil: End Transformatio |       |       |     1 |     1 |       |       |       |     2 |       ||     4
Evoke: Wand              |       |       |    13 |       |     4 |     4 |       |       |       ||    21
       Tin of tremorston |       |       |       |     2 |     2 |       |       |       |       ||     4
       Box of beasts     |       |       |       |       |     1 |       |       |       |       ||     1
  Use: Potion            |     1 |       |     2 |       |       |    15 |     2 |     5 |    21 ||    46
       Scroll            |       |       |    10 |     6 |    10 |    14 |     5 |     3 |     5 ||    53
 Stab: Invisible         |       |       |    13 |       |       |       |       |       |       ||    13
       Distracted        |       |       |       |     1 |       |       |       |       |       ||     1
       Petrified         |       |       |       |       |     3 |       |       |       |       ||     3
       Sleeping          |       |       |       |       |       |     1 |       |       |     1 ||     2
Armor: Skin              |     4 |     8 |     6 |   101 |   365 |   513 |   316 |   381 |   136 ||  1830
       Robe              |    12 |     5 |     5 |     2 |    11 |    14 |    14 |     1 |       ||    64
       Animal skin       |       |       |       |       |       |       |       |     1 |     1 ||     2
Dodge: Dodged            |    32 |   108 |   175 |   214 |   612 |   704 |   367 |   392 |   159 ||  2763
Block: Kite shield       |       |       |       |       |       |       |       |   274 |   215 ||   489
       Other             |       |       |       |       |       |       |       |     1 |       ||     1

Table legend: (Time is in decaauts)
 A = Elapsed time spent in this place.
 B = Non-inter-level travel time spent in this place.
 C = Inter-level travel time spent in this place.
 D = Time resting spent in this place.
 E = Time spent auto-exploring this place.
 F = Levels seen in this place.
 G = Mean time per level.
                   A        B        C        D        E       F      G
               +--------+--------+--------+--------+--------+-----+--------+
         Total |  27443 |  25940 |   1503 |    194 |     67 |  49 |  560.1 |
       Dungeon |   8489 |   8184 |    305 |     57 |     18 |  15 |  565.9 |
        Temple |    130 |    130 |      0 |    100 |      0 |   1 |  130.0 |
          Lair |   4970 |   4150 |    820 |      0 |      1 |   6 |  828.3 |
        Shoals |   2350 |   2322 |     28 |      0 |      0 |   4 |  587.5 |
     Snake Pit |   2479 |   2340 |    139 |      0 |      0 |   4 |  619.8 |
  Orcish Mines |   1372 |   1260 |    112 |      0 |      0 |   2 |  686.0 |
        Vaults |   3581 |   3484 |     97 |     37 |      0 |   5 |  716.2 |
        Depths |   1416 |   1416 |      0 |      0 |      0 |   4 |  354.0 |
           Zot |   1968 |   1968 |      0 |      0 |      0 |   5 |  393.6 |
       Ossuary |    135 |    135 |      0 |      0 |     46 |   1 |  135.0 |
        Bailey |    377 |    377 |      0 |      0 |      0 |   1 |  377.0 |
      Ice Cave |    170 |    170 |      0 |      0 |      0 |   1 |  170.0 |
               +--------+--------+--------+--------+--------+-----+--------+

Top non-repeatable levels by time:
Vaults:4: 1709 daAuts
    D:10: 1384 daAuts
 Snake:4: 1260 daAuts
Vaults:5: 1253 daAuts
  Lair:6: 978 daAuts
  Lair:2: 972 daAuts
  Lair:3: 927 daAuts
Shoals:4: 914 daAuts
    D:12: 882 daAuts
  Lair:5: 876 daAuts
   Orc:2: 843 daAuts
  Lair:4: 806 daAuts
     D:9: 633 daAuts
    D:11: 622 daAuts
Shoals:3: 605 daAuts
